 Dungeon Crawl Stone Soup version 0.25.0-10-g039870ee82 (webtiles) character file.

Game seed: 9607651725881583281

280 Stil the Conjurer (level 6, -2/32 HPs)
             Began as a Deep Elf Conjurer on June 23, 2020.
             Slain by Duvessa
             ... wielding a +0 short sword
              (14 damage)
             ... on level 4 of the Dungeon.
             The game lasted 00:12:18 (2383 turns).

Stil the Conjurer (Deep Elf Conjurer)               Turns: 2383, Time: 00:12:19

Health: -2/32      AC:  3    Str: 11    XL:     6   Next: 5%
Magic:  8/15       EV: 14    Int: 22    God:
Gold:   129        SH:  0    Dex: 15    Spells: 12/15 levels left

rFire    + . .     SeeInvis .   m - +2 dagger (drain)
rCold    x . .     Gourm    .   (no shield)
rNeg     . . .     Faith    .   a - +0 robe
rPois    .         Spirit   .   (no helmet)
rElec    .         Reflect  .   q - +0 cloak
rCorr    .         Harm     .   (no gloves)
MR       .....                  (no boots)
Stlth    ++........             l - amulet of magic regeneration
HPRegen  0.10/turn              b - ring of fire
MPRegen  0.39/turn              j - +6 ring of strength

@: no status effects
A: no striking features
a: no special abilities


You were on level 4 of the Dungeon.
You were not hungry.

You visited 1 branch of the dungeon, and saw 4 of its levels.

You collected 129 gold pieces.

Inventory:

Hand Weapons
 g - a +3 quarterstaff of chaos
 m - a +2 dagger of draining (weapon)
Armour
 a - a +0 robe (worn)
 d - a +2 ring mail of fire resistance
 q - a +0 cloak (worn)
Jewellery
 b - a ring of fire (left hand)
 j - a +6 ring of strength (right hand)
 l - an amulet of magic regeneration (around neck)
Wands
 s - a wand of disintegration (16)
Scrolls
 h - a scroll of identify
 i - a scroll of amnesia {unknown}
 o - 2 scrolls of remove curse
 r - 3 scrolls of teleportation
 t - a scroll of fog {unknown}
 v - a scroll of enchant armour {unknown}
 w - a scroll of random uselessness {unknown}
 x - a scroll of immolation {unknown}
Potions
 e - 4 potions of lignification
 f - 2 potions of haste
 k - 3 potions of curing
 u - a potion of heal wounds
Comestibles
 c - 11 rations
 n - 2 chunks of flesh


   Skills:
 + Level 4.0 Dodging
 - Level 2.4 Stealth
 * Level 5.2 Spellcasting
 * Level 6.4 Conjurations


You had 12 spell levels left.
You knew the following spells:

 Your Spells              Type           Power        Failure   Level  Hunger
a - Magic Dart            Conj           ####         1%          1    None
b - Searing Ray           Conj           ####..       1%          2    None

Your spell library contained the following spells:

 Spells                   Type           Power        Failure   Level  Hunger
 Dazzling Flash           Conj/Hex       ###...       8%          3    ##.....
 Fulminant Prism          Conj/Hex       ###.......   26%         4    ####...
 Iskenderun's Mystic Bla  Conj/Tloc      ###.....     26%         4    ####...


Dungeon Overview and Level Annotations

Branches:
Dungeon (4/15)
 Temple: D:4-7

Altars:
Hepliaklqana
Qazlal
Trog
Yredelemnul
Zin
The Shining One

Annotations:
D:4 Duvessa


Message History

You have reached level 6!
Your experience leads to an increase in your attributes!
Your base attributes are Str 5, Int 21, Dex 15.
Increase (S)trength, (I)ntelligence, or (D)exterity?
You feel clever.
You finish channeling your searing ray.
Duvessa hits you with a +0 short sword. Duvessa misses you.
Casting: Searing Ray (safe; 1% risk of failure)
Confirm with . or Enter, or press ? or * to list all spells.
Aiming: Searing Ray (safe; 1% risk of failure)
Press: ? - help, Shift-Dir - straight line, f - Duvessa
Aim: Duvessa, wielding a +0 short sword and wearing a +1 scale mail of cold resistance (severely wounded, berserk, fast)
The searing ray hits Duvessa!
Duvessa is almost dead. (Press . to maintain the ray.) Duvessa hits you with a +0 short sword!
The searing ray hits Duvessa.
Duvessa is almost dead.
Duvessa barely misses you. Duvessa hits you with a +0 short sword!
You die...

#.# ##.<# #.# #..)#
###.####.#)# #######
#.....##.#)####......
#.#.#.## #......#####
#.#.>.# ########
#.##..# #.....#
####@## #e# #)# #.#
#.# #.# #.# #.#


You could see Duvessa (berserk, fast).

Vanquished Creatures
  Dowan (D:4)
  Crazy Yiuf (D:4)
  A centaur skeleton (D:4)
  4 gnolls (D:4)
  5 adders
  A howler monkey skeleton (D:4)
  3 worms
  4 leopard geckos
  9 orcs
  3 ball pythons
  6 bats
  A giant cockroach (D:1)
  7 goblins
  6 hobgoblins
  4 jackals (D:2)
  6 kobolds
  2 frilled lizards
  4 rats
68 creatures vanquished.

Notes
Turn   | Place    | Note
-------+----------+-------------------------------------------
     0 | D:1      | Stil the Deep Elf Conjurer began the quest for the Orb.
     0 | D:1      | Reached XP level 1. HP: 10/10 MP: 6/6
   312 | D:1      | Reached XP level 2. HP: 15/15 MP: 5/8
   316 | D:1      | Learned a level 2 spell: Searing Ray
   846 | D:2      | Reached skill level 5 in Conjurations
   903 | D:2      | Reached XP level 3. HP: 19/19 MP: 3/9
  1044 | D:2      | Found a glowing silver altar of Zin.
  1154 | D:2      | Found a bloodstained altar of Trog.
  1161 | D:2      | Found a basalt altar of Yredelemnul.
  1292 | D:2      | Found a stormy altar of Qazlal.
  1644 | D:3      | Reached XP level 4. HP: 24/24 MP: 6/11
  1707 | D:3      | Found a hazy altar of Hepliaklqana.
  1787 | D:3      | Found a glowing golden altar of the Shining One.
  2136 | D:4      | Reached XP level 5. HP: 28/28 MP: 8/13
  2139 | D:4      | Reached skill level 6 in Conjurations
  2264 | D:4      | Found a runed translucent door.
  2265 | D:4      | Noticed Crazy Yiuf
  2271 | D:4      | Killed Crazy Yiuf
  2352 | D:4      | Reached skill level 5 in Spellcasting
  2375 | D:4      | Noticed Duvessa
  2376 | D:4      | Noticed Dowan
  2381 | D:4      | Killed Dowan
  2381 | D:4      | Reached XP level 6. HP: 27/32 MP: 11/15
  2383 | D:4      | Slain by Duvessa

Illustrated notes

Levels and vault maps discovered:
D:1:      lightli_molten_gateway, layout_basic, minmay_misc_feat_rows,
          minmay_misc_feat_roman
D:2:      layout_rooms, nicolae_overflow_hidden_temple, lemuel_doored_altar,
          minitemple
D:3:      layout_rooms, overflow_temple_1_default,
          nicolae_overflow_crystal_walls, first_ration
D:4:      layout_loops_ring, kennysheep_mini_moat,
          minmay_temple_entry_from_below_a, uniq_duvessa,
          uniq_crazy_yiuf_cottage

Skill      XL: |  1  2  3  4  5 |
---------------+----------------+-----
Conjurations   | 5 6 |  6.4
Dodging        | 3 4 |  4.0
Spellcasting   | 4 5 |  5.2
Stealth        | |  2.4

Action                   |  1- 3 |  4- 6 || total
-------------------------+-------+-------++-------
Melee: Dagger            |     1 |       ||     1
 Cast: Magic Dart        |    66 |    40 ||   106
       Searing Ray       |     1 |    10 ||    11
  Use: Scroll            |     4 |     3 ||     7
  Eat: Chunk             |     2 |     2 ||     4
Armor: Robe              |     2 |       ||     2
Dodge: Dodged            |     4 |     5 ||     9
